 Dungeon Crawl Stone Soup version 0.26.1-2-gb8aa6d0cf2 (webtiles) character file.

Game seed: 10926536888897378424

103 CryoSword the Gusty (level 4, -3/26 HPs)
             Began as a Tengu Air Elementalist on Feb 14, 2021.
             Killed by divine providence
             ... invoked by an orc priest
              (10 damage)
             ... on level 3 of the Dungeon.
             The game lasted 00:06:00 (3036 turns).

CryoSword the Gusty (Tengu Air Elementalist)        Turns: 3036, Time: 00:06:01

Health: -3/26      AC:  2    Str:  9    XL:     4   Next: 79%
Magic:  2/8        EV: 12    Int: 16    God:
Gold:   96         SH:  0    Dex: 14    Spells: 1/7 levels left

rFire    . . .     SeeInvis .   a - +0 dagger
rCold    . . .     Faith    .   (no shield)
rNeg     . . .     Spirit   .   c - +0 robe
rPois    .         Reflect  .   (helmet restricted)
rElec    .         Harm     .   (no cloak)
rCorr    .         Rampage  .   (no gloves)
Will     .....                  (boots unavailable)
Stlth    ++........             (no amulet)
HPRegen  0.08/turn              (no ring)
MPRegen  0.11/turn              (no ring)

@: no status effects
A: beak, talons 3
a: no special abilities


You were on level 3 of the Dungeon.
You visited 1 branch of the dungeon, and saw 3 of its levels.

You collected 96 gold pieces.

Inventory:

Hand Weapons
 a - a +0 dagger (weapon)
   (You took it off a kobold on level 1 of the Dungeon)
Armour
 c - a +0 robe (worn)
Scrolls
 b - a scroll of teleportation {unknown}
 d - a scroll of remove curse {@r2}
 f - a scroll of magic mapping
Potions
 e - a potion of ambrosia {unknown}


   Skills:
 + Level 1.9 Fighting
 - Level 2.1 Dodging
 - Level 2.0 Stealth
 - Level 2.0 Spellcasting
 * Level 4.2 Conjurations
 + Level 4.9 Air Magic


You had one spell level left.
You knew the following spells:

 Your Spells              Type           Power        Failure   Level
a - Shock                 Conj/Air       64%          3%          1
b - Swiftness             Air            17%          4%          2
c - Static Discharge      Conj/Air       16%          10%         3

Your spell library contained the following spells:

 Spells                   Type           Power        Failure   Level
 Airstrike                Air            8%           26%         4
 Lightning Bolt           Conj/Air       8%           65%         5


Dungeon Overview and Level Annotations

Branches:
Dungeon (3/15)

Altars:
Nemelex Xobeh


Innate Abilities, Weirdness & Mutations

You have a beak for a mouth.
You have claws for feet.


Message History

Could not explore, unopened door.
You open the door.
A dart slug comes into view.
A dart slug is nearby!
Aim: a dart slug (asleep, 0% to evade)
The zap hits the dart slug.
Aim: a dart slug (moderately wounded, 0% to evade)
The zap hits the dart slug.
Aim: a dart slug (severely wounded, 0% to evade)
The zap hits the dart slug.
You kill the dart slug!
There is an open door here.
You see here a dart slug corpse.
Found a stone staircase leading down.
There is an open door here.
Found an escape hatch in the floor.
d - 2 scrolls labelled WOUJ JE YNU (gained 1)
You see here a dart slug corpse.
There is an open door here.
You see here a rat corpse.
There is a stone staircase leading down here.
There is an open door here.
You open the door.
There is an open door here.
You see here 2 stones.
Done exploring.
Done exploring.
Done exploring.
Done exploring.
Done exploring.
You see here 2 stones.
There is an open door here.
There is an open door here.
There is a stone staircase leading down here.
You climb downwards.
There is a stone staircase leading up here.
As you read the scroll labelled WOUJ JE YNU, it crumbles to dust.
You feel blessed for a moment.
It was a scroll of remove curse.
As you read the scroll labelled PIGI LESUGIRPH, it crumbles to dust.
It is a scroll of identify.
f - a scroll of magic mapping
As you read the scroll labelled YCROIXTISIWN, it crumbles to dust.
You assume a fearsome visage.
Nothing appears to happen.
It was a scroll of fear.
You open the door.
There is an open door here.
A giant cockroach comes into view.
Aim: a giant cockroach (asleep, 0% to evade)
The zap hits the giant cockroach.
Aim: a giant cockroach (severely wounded, 29% to evade)
The zap hits the giant cockroach!
You kill the giant cockroach!
There is a dry fountain here.
There is a dry fountain here.
You open the door.
There is an open door here.
Found an escape hatch in the ceiling.
Found a stone staircase leading up.
There is an escape hatch in the ceiling here.
There is a stone staircase leading up here.
Found a club.
A frilled lizard comes into view.
Aim: a frilled lizard (wandering, hasn't noticed you, 47% to evade)
The zap hits the frilled lizard.
You kill the frilled lizard!
You see here a club.
Found a robe.
You see here a robe.
A worm comes into view.
Aim: a worm (wandering, hasn't noticed you, 10% to evade)
The zap hits the worm.
Aim: a worm (moderately wounded, 10% to evade)
The zap hits the worm.
Aim: a worm (moderately wounded, 10% to evade)
The zap hits the worm.
Aim: a worm (moderately wounded, 10% to evade)
The zap hits the worm.
Aim: a worm (heavily wounded, 10% to evade)
The zap hits the worm.
Aim: a worm (severely wounded, 10% to evade)
The zap hits the worm.
The worm bites you!
Aim: a worm (almost dead, 10% to evade)
The zap hits the worm!
You kill the worm!
b - a scroll labelled WUEBEN XAJUKHLI
Found a long sword.
e - a metallic orange potion An orc comes into view.
It is wielding a +0 short sword.
The orc shouts!
You hear a shout! x2
An orc comes into view. It is wielding a +0 hand axe.
You hear a shout!
There are monsters nearby!
Aim: an orc, wielding a +0 short sword (29% to evade)
The zap hits the orc.
Aim: an orc, wielding a +0 short sword (heavily wounded, 29% to evade)
The zap hits the orc.
An orc priest comes into view. It is wielding a +0 club.
An orc priest comes into view. It is wielding a -1 short sword.
Unknown command.
Found a stone staircase leading down.
You see here a long sword.
Found an escape hatch in the floor.
Found a scroll of identify.
Aim: an orc, wielding a +0 short sword (severely wounded, 29% to evade)
The zap hits the orc.
You kill the orc!
The zap hits the orc.
Aim: an orc, wielding a +0 hand axe (heavily wounded, 29% to evade)
The zap hits the orc.
Aim: an orc, wielding a +0 hand axe (heavily wounded, 29% to evade)
The zap hits the orc!
You kill the orc!
You see here a robe.
You start resting.
You see here a robe.
The orc priest shouts!
An orc priest is nearby!
Aim: an orc priest, wielding a +0 club (29% to evade)
You miscast Shock.
You are very lightly contaminated with residual magic.
Nothing appears to happen.
Unknown command.
Aim: an orc priest, wielding a +0 club (29% to evade)
The zap hits the orc priest.
Aim: an orc priest, wielding a +0 club (moderately wounded, 29% to evade)
The zap hits the orc priest.
The orc priest calls down the wrath of Beogh upon you.
Pain shoots through your body!
Aim: an orc priest, wielding a +0 club (severely wounded, 29% to evade)
The zap hits the orc priest.
Aim: an orc priest, wielding a +0 club (severely wounded, 29% to evade)
The zap hits the orc priest.
The orc priest shouts!
You hear a shout!
An orc comes into view. It is wielding a +0 hand axe.
The orc shouts!
Unknown command.
Aim: an orc priest, wielding a +0 club (almost dead, 29% to evade)
The zap hits the orc priest.
The zap misses the orc priest.
The zap hits the orc.
The orc priest calls upon Beogh to heal the orc.
The orc's wounds heal themselves!
Aim: an orc priest, wielding a +0 club (almost dead, 29% to evade)
The zap misses the orc priest. x2; The zap misses the orc.
The orc priest invokes the aid of Beogh against you.
Beogh smites you!
* * * LOW HITPOINT WARNING * * *
Your magical contamination has completely faded away.
An orc wizard comes into view. It is wielding a +0 dagger.
The orc priest invokes the aid of Beogh against you.
Beogh smites you!
You die...

#.........# #.##.####...
##......# ###.#.###.#### ?#
#. #..##.# #....####.##..
######.#.#.###.##........>#.#
#..[...##......######.......#
#.#######.##.### ##.....#.##
#.# #.##@# ##.......... #.#
#.##.#####.>......... #.#
#.##.o.oo)o.......# #.#
#.##########.....## #.# #.#
##....# #.# #.# ##o#.# #.##
#.# #.#.# #..# #.# #.#.# ##.#
#.# #o#.#


You could see an orc priest.

Vanquished Creatures
  Natasha (twice) (D:2)
  An adder (D:2)
  2 worms
  2 dart slugs (D:2)
  2 orcs (D:3)
  3 bats
  A giant cockroach (D:3)
  2 goblins
  4 jackals (D:1)
  A quokka (D:2)
  3 frilled lizards
  5 kobolds
  10 rats
38 creatures vanquished.

Notes
Turn   | Place    | Note
-------+----------+-------------------------------------------
     0 | D:1      | CryoSword the Tengu Air Elementalist began the quest for
                  | the Orb.
     0 | D:1      | Reached XP level 1. HP: 10/10 MP: 4/4
   431 | D:1      | Reached XP level 2. HP: 16/16 MP: 0/6
  1118 | D:2      | Reached skill level 1 in Fighting
  1118 | D:2      | Reached XP level 3. HP: 17/20 MP: 1/7
  1177 | D:2      | Learned a level 2 spell: Swiftness
  1181 | D:2      | Learned a level 3 spell: Static Discharge
  1676 | D:2      | Found a sparkling altar of Nemelex Xobeh.
  1764 | D:2      | Noticed Natasha
  1769 | D:2      | Killed Natasha
  1770 | D:2      | Reached XP level 4. HP: 12/25 MP: 2/8
  2238 | D:2      | Noticed Natasha
  2241 | D:2      | Killed Natasha
  3036 | D:3      | Killed from afar by an orc priest

Illustrated notes

Levels and vault maps discovered:
D:1:      giann_wishing_wells, layout_basic, minivault_14
D:2:      layout_loops_corners, nemelex_xobeh_ov_fountains_minmay, uniq_natasha
D:3:      cheibrodos_pilgrimage, layout_loops_ring, grunt_decor_arrowhead,
          minmay_misc_feat_tower

Skill      XL: |  1  2  3  4 |
---------------+-------------+-----
Conjurations   | 2 3 4 |  4.2
Fighting       | 1 |  1.9
Dodging        | |  2.1
Stealth        | |  2.0
Spellcasting   | |  2.0
Air Magic      | |  4.9

Action                   |  1- 3 |  4- 6 || total
-------------------------+-------+-------++-------
Melee: Unarmed           |    12 |       ||    12
       Kick              |     3 |       ||     3
       Peck              |     1 |       ||     1
 Cast: Shock             |    63 |    53 ||   116
  Use: Scroll            |       |     3 ||     3
Armor: Robe              |     6 |     1 ||     7
Dodge: Dodged            |    26 |     1 ||    27
